 Dungeon Crawl Stone Soup version 0.31-a0-167-g1c394c0614 (webtiles) character file.

Game seed: 2880832027479532686

795 qw the Chopper (level 7, -10/44 HPs)
             Began as a Gargoyle Fighter on June 14, 2023.
             Mangled by a gnoll
             ... wielding a +2 halberd of venom
             ... led by a gnoll bouda
              (12 damage)
             ... on level 5 of the Dungeon.
             The game lasted 00:01:51 (3694 turns).

qw the Chopper (Gargoyle Fighter)                   Turns: 3694, Time: 00:01:51

Health: -10/44     AC: 20    Str: 22    XL:     7   Next: 89%
Magic:  7/7        EV:  6    Int:  8    God:
Gold:   341        SH:  4    Dex:  9    Spells: 6/6 levels left

rFire   + . .        Y - +1 war axe
rCold   . . .        c - +0 buckler
rNeg    + . .        n - +0 plate armour
rPois   inf          k - +1 helmet
rElec   +            l - scarf {repulsion}
rCorr   .            a - +0 pair of gloves
SInv    .            (no boots)
Will    .....        g - amulet of the acrobat Stlth
                     p - ring of protection from fire
HPRegen 0.27/turn    (no ring)
MPRegen 0.10/turn

%: repel missiles, acrobat
@: weakened
A: sickness immunity, AC +4, negative energy resistance 1, electricity
resistance, torment resistance 1, petrification resistance
a: no special abilities


You were on level 5 of the Dungeon.
You visited 2 branches of the dungeon, and saw 6 of its levels.

You collected 341 gold pieces.


Innate Abilities, Weirdness & Mutations

You are immune to sickness and miasma.
Your stone body is resilient. (AC +4)
You are immune to poison.
You resist negative energy. (rN+)
You are resistant to electric shocks. (rElec)
You are resistant to unholy torment.
You are immune to petrification.


   Skills:
 + Level 4.9 Fighting
 - Level 7.0 Axes
 - Level 4.2 Armour
 - Level 3.2 Shields


You had 6 spell levels left.
You didn't know any spells.
Your spell library was empty.

Inventory:

Hand Weapons
 q - a +0 flail
 Y - a +1 war axe (weapon)
Missiles
 j - 3 boomerangs (quivered)
Armour
 a - a +0 pair of gloves (worn)
 c - a +0 buckler (worn)
 k - a +1 helmet (worn)
 l - a scarf of repulsion (worn)
 n - a +0 plate armour (worn)
 o - the +3 hat of Pondering {ponderous, Will+ MP+10 Int+5}
   (You found it on level 3 of the Dungeon)

   Int:       It affects your intelligence (+5).
   MP:        It affects your magic capacity (+10).
   Will:      It increases your willpower.
Jewellery
 g - an amulet of the acrobat (around neck)
 p - a ring of protection from fire (left hand)
Scrolls
 r - a scroll of identify
Potions
 b - a potion of attraction
 d - 3 potions of might
 f - a potion of lignification {unknown}
 h - 3 potions of curing
 i - a potion of berserk rage {unknown}
 m - a potion of resistance {unknown}

Dungeon Overview and Level Annotations

Branches:
Dungeon (5/15)             Temple (1/1) D:5

Altars:
Ashenzari
Cheibriados
Dithmenos
Elyvilon
Fedhas
Gozag
Hepliaklqana
Makhleb
Nemelex Xobeh
Ru
Sif Muna
Uskayaw
Vehumet
Wu Jian
Xom
The Shining One

Annotations:
D:2 1 runed translucent door, Crazy Yiuf


Message History

You block the gnoll's attack. The gnoll hits you but does no damage.
The gnoll hits you from afar with a +0 spear.
You slash the gnoll bouda!
The gnoll bouda is almost dead.
The gnoll is no longer moving quickly. x2
The gnoll bouda hits you with a +0 whip.
The gnoll barely misses you.
The gnoll hits you but does no damage. x2
You hit the gnoll bouda but do no damage.
The gnoll bouda is almost dead.
The gnoll bouda prays to its god.
The gnoll bouda is healed somewhat.
The gnoll hits you but does no damage.
The gnoll hits you from afar with a +2 halberd of venom.
The gnoll hits you but does no damage.
The gnoll bouda barks out a call to the hunt!
The gnolls pick up the pace!
You hit the gnoll bouda.
The gnoll bouda is almost dead.
The gnoll hits you from afar with a +0 spear.
The gnoll hits you from afar with a +2 halberd of venom.
The gnoll hits you from afar with a +0 spear.
The gnoll bouda barely misses you.
You closely miss the gnoll bouda.
The gnoll bouda is almost dead.
The gnoll hits you from afar with a +0 spear.
The gnoll barely misses you. The gnoll hits you but does no damage.
The gnoll bouda completely misses you. The gnoll barely misses you.
The gnoll hits you but does no damage.
You hit the gnoll bouda but do no damage.
The gnoll bouda is almost dead.
The gnoll hits you but does no damage.
The gnoll bouda gazes fiercely through you!
You feel your attacks grow feeble.
The gnoll bouda hits you but does no damage.
You block the gnoll's attack.
The gnoll hits you but does no damage. x2
You barely miss the gnoll bouda.
The gnoll bouda is almost dead.
The gnoll bouda hits you but does no damage.
A dart slug comes into view.
The gnoll hits you from afar with a +2 halberd of venom!
You die...

### #.# #.# #.# #.# ##
#########.###### ..
................
#.###g#########.#.#.....
#....g)@................
.....g.g.....8...8...8..
...............#...#....
#..#..###.#...###.###.#.
.. #.. ........#...#....
w #.####.#..8...8.).8..
#. #.#....#...#.... #.
#.....###.###.#.
###....#...#....


You could see a gnoll bouda, 3 gnolls and a dart slug (wandering).

Vanquished Creatures
  Sigmund (D:2)
  An ogre (D:4)
  A centaur (D:5)
  A jelly (D:5)
  2 orc priests
  A sleepcap (D:4)
  Terence (D:2)
  3 orc wizards
  Robin (D:3)
  5 gnolls
  6 adders
  A shadow imp (D:4)
  2 white imps
  An ufetubus (D:3)
  3 worms
  A dart slug (D:1)
  20 orcs
  6 endoplasms
  2 giant cockroaches (D:2)
  13 goblins
  8 hobgoblins
  2 quokkas
  5 ball pythons
  5 bats
  7 frilled lizards
  4 kobolds
  5 rats
108 creatures vanquished.

Notes
Turn   | Place    | Note
-------+----------+-------------------------------------------
     0 | D:1      | qw the Gargoyle Fighter began the quest for the Orb.
     0 | D:1      | Reached XP level 1. HP: 14/14 MP: 1/1
     0 | D:1      | 0 ||| qw: Version: 0.2-a-29-g1fa15c8
     0 | D:1      | 0 ||| qw: Game counter: 5044
     0 | D:1      | 0 ||| qw: Always use a shield: true
     0 | D:1      | 0 ||| qw: God list: Okawaru
     0 | D:1      | 0 ||| qw: Allow faded altars: false
     0 | D:1      | 0 ||| qw: Do Orc after D:15 true
     0 | D:1      | 0 ||| qw: Do second Lair branch before Depths: true
     0 | D:1      | 0 ||| qw: Lair rune preference: random
     0 | D:1      | 0 ||| qw: Plans: Normal, Zot:1-4, Slime:5, God:TSO, Crypt,
                  | Tomb, Abyss, Pan, Hells, Win
     0 | D:1      | 0 ||| PLANNING D:1-11
    66 | D:1      | Reached skill level 2 in Axes
   138 | D:1      | 138 ||| Stepping ~*~*~tactically~*~*~ (stealth).
   226 | D:1      | Reached XP level 2. HP: 17/19 MP: 2/2
   405 | D:1      | Found a faded altar of an unknown god.
   558 | D:1      | 558 ||| UPGRADING to amulet of the acrobat.
   563 | D:1      | 563 ||| READING 2 scrolls labelled LAOTIXTEFOWE.
   564 | D:1      | 564 ||| DRINKING 2 fuming cyan potions.
   565 | D:1      | 565 ||| DROPPING scroll of amnesia.
   598 | D:2      | Reached skill level 3 in Axes
   685 | D:2      | Reached XP level 3. HP: 23/23 MP: 3/3
   752 | D:2      | Found a runed translucent door.
   753 | D:2      | Noticed Crazy Yiuf
   862 | D:2      | Noticed Terence
   870 | D:2      | HP: 5/23 [Terence/+0 short sword (5)]
   871 | D:2      | Killed Terence
  1024 | D:2      | Noticed Sigmund
  1032 | D:2      | Killed Sigmund
  1033 | D:2      | Reached skill level 5 in Axes
  1033 | D:2      | Reached XP level 4. HP: 28/28 MP: 4/4
  1033 | D:2      | Reached XP level 5. HP: 32/32 MP: 5/5
  1055 | D:2      | 1055 ||| Stepping ~*~*~tactically~*~*~ (stealth).
  1062 | D:2      | 1062 ||| Stepping ~*~*~tactically~*~*~ (stealth).
  1093 | D:2      | Found a shadowy altar of Dithmenos.
  1110 | D:2      | Reached XP level 6. HP: 37/37 MP: 6/6
  1336 | D:2      | 1336 ||| UPGRADING to +3 scale mail of poison resistance.
  1346 | D:2      | 1346 ||| DROPPING +0 scale mail.
  1347 | D:2      | 1347 ||| UPGRADING to +0 plate armour.
  1357 | D:2      | 1357 ||| DROPPING +3 scale mail of poison resistance.
  1358 | D:2      | 1358 ||| READING scroll labelled MERUCU NUWOIPT.
  1359 | D:2      | 1359 ||| READING scroll labelled GOXITZUBRA.
  1360 | D:2      | 1360 ||| READING scroll labelled IVIGOUZUEN.
  1536 | D:3      | 1536 ||| DRINKING 3 potions of curing.
  1536 | D:3      | 1536 ||| (to cure confusion)
  1571 | D:3      | 1571 ||| DROPPING +0 club.
  1573 | D:3      | Found a hide-covered altar of Uskayaw.
  1579 | D:3      | 1579 ||| FLEEEEING.
  1580 | D:3      | 1580 ||| FLEEEEING.
  1721 | D:3      | 1721 ||| Stepping ~*~*~tactically~*~*~ (stealth).
  1723 | D:3      | 1723 ||| Stepping ~*~*~tactically~*~*~ (stealth).
  1725 | D:3      | 1725 ||| Stepping ~*~*~tactically~*~*~ (stealth).
  1744 | D:3      | Noticed Robin
  1762 | D:3      | Killed Robin
  1765 | D:3      | 1765 ||| FLEEEEING.
  1767 | D:3      | 1767 ||| FLEEEEING.
  1780 | D:3      | 1780 ||| FLEEEEING.
  1814 | D:3      | 1814 ||| Stepping ~*~*~tactically~*~*~ (stealth).
  1885 | D:3      | Found the +3 hat of Pondering {ponderous, Will+ MP+10
                  | Int+5}
  2022 | D:3      | 2022 ||| Stepping ~*~*~tactically~*~*~ (hiding).
  2081 | D:3      | 2081 ||| UPGRADING to +1 helmet.
  2086 | D:3      | 2086 ||| UPGRADING to scarf of repulsion.
  2091 | D:3      | 2091 ||| READING scroll labelled UDIJIU OFUALA.
  2092 | D:3      | 2092 ||| DRINKING 2 murky blue potions.
  2093 | D:3      | 2093 ||| DROPPING potion of brilliance.
  2130 | D:4      | 2130 ||| STAIRDANCE
  2172 | D:4      | Reached skill level 6 in Axes
  2385 | D:4      | 2385 ||| DROPPING +0 mace.
  2422 | D:4      | Reached XP level 7. HP: 21/43 MP: 7/7
  2535 | D:4      | 2535 ||| Stepping ~*~*~tactically~*~*~ (stealth).
  3224 | D:4      | 3224 ||| UPGRADING to ring of protection from fire.
  3225 | D:4      | 3225 ||| READING scroll labelled POESTO FYTWIN.
  3229 | D:4      | 3229 ||| DRINKING 2 fizzy pink potions.
  3240 | D:5      | Entered Level 5 of the Dungeon
  3244 | D:5      | 3244 ||| STAIRDANCE
  3246 | D:4      | HP: 9/43 [ogre/+0 giant club (16)]
  3250 | D:4      | HP: 4/43 [ogre/+0 giant club (6)]
  3397 | D:5      | Reached skill level 7 in Axes
  3405 | D:5      | 3405 ||| Stepping ~*~*~tactically~*~*~ (hiding).
  3530 | D:5      | Found a staircase to the Ecumenical Temple.
  3531 | D:5      | 3531 ||| PLANNING TEMPLE
  3531 | D:5      | 3531 ||| UPGRADING to +0 pair of gloves.
  3536 | D:5      | 3536 ||| READING 2 scrolls of identify.
  3536 | D:5      | 3536 ||| IDENTIFYING viscous pink potion
  3537 | D:5      | 3537 ||| DROPPING potion of degeneration.
  3547 | Temple   | Entered the Ecumenical Temple
  3581 | Temple   | 3581 ||| PLANNING D:1-11
  3670 | D:5      | 3670 ||| Stepping ~*~*~tactically~*~*~ (hiding).
  3691 | D:5      | HP: 10/44 [gnoll/+0 spear[a gnoll bouda] (3)]
  3691 | D:5      | HP: 4/44 [gnoll/+0 spear[a gnoll bouda] (2)]
  3694 | D:5      | Mangled by a gnoll

Levels and vault maps discovered:
D:1:      minmay_arrival_diagonal_passages, layout_rooms,
          chequers_ecumenical_altar_simple_redux
D:2:      layout_rooms, basic_altar, hangedman_decor_points,
          reono_crystal_passage, kennysheep_generic_room_8, uniq_sigmund,
          uniq_terence, uniq_crazy_yiuf_cottage
D:3:      layout_loops_cross, nicolae_uskayaw_murder_on_the_dancefloor,
          minmay_misc_feat_columns, uniq_robin
D:4:      layout_basic
D:5:      layout_basic, minmay_temple_entry_glassed_door,
          minmay_misc_feat_four_crosses
Temple:   hellmonk_temple_of_storms

Skill      XL: |  1  2  3  4  5  6  7 |
---------------+----------------------+-----
Axes           | 2 3 5 6 7 |  7.0
Fighting       | 4 |  4.9
Armour         | 4 |  4.2
Shields        | |  3.2

Action                     |  1- 3 |  4- 6 |  7- 9 || total
---------------------------+-------+-------+-------++-------
  Melee: War axe           |    74 |   112 |    81 ||   267
  Throw: Boomerang         |    13 |    52 |    11 ||    76
    Use: Scroll            |     1 |     4 |     2 ||     7
         Potion            |     1 |     2 |     1 ||     4
 Armour: Scale mail        |    36 |    12 |       ||    48
         Plate armour      |       |    56 |    95 ||   151
  Dodge: Dodged            |    37 |    41 |    47 ||   125
  Block: Buckler           |    17 |    17 |    18 ||    52

Table legend:
 A = Non-vault XP
 B = Vault XP
 C = Vault XP percentage of total XP
 D = Non-vault monster count
 E = Vault monster count
 F = Vault count percentage of total count
                 A         B        C        D         E       F
            +---------+---------+-------+---------+---------+-------
      Total |     834 |     303 |  26.6 |      91 |      17 |  15.7
            +---------+---------+-------+---------+---------+-------
        D:1 |      28 |       0 |   0.0 |      19 |       0 |   0.0
        D:2 |      27 |     265 |  90.8 |      15 |       4 |  21.1
        D:3 |     148 |      38 |  20.4 |      21 |      13 |  38.2
        D:4 |     429 |       0 |   0.0 |      29 |       0 |   0.0
        D:5 |     202 |       0 |   0.0 |       7 |       0 |   0.0
            +---------+---------+-------+---------+---------+-------
